 Dungeon Crawl Stone Soup version 0.30-a0-586-g23e55c9e0a (webtiles) character file.

Game seed: 8385206568009046349

90 sokol815 the Sneak (level 4, 0/31 HPs)
             Began as an Octopode Delver on Jan 4, 2023.
             Slain by a ball python (1 damage)
             ... in a sewer.
             The game lasted 00:01:44 (348 turns).

sokol815 the Sneak (Octopode Delver)                 Turns: 348, Time: 00:01:45

Health: 0/31       AC:  1    Str: 10 (11) XL:     4   Next: 56%
Magic:  4/4        EV: 10    Int: 10 (12) God:
Gold:   0          SH:  0    Dex: 14 (15) Spells: 3/3 levels left

rFire   . . .      SeeInvis .    c - +0 battleaxe (vamp)
rCold   . . .      Faith    .    (shield currently unavailable)
rNeg    . . .      Spirit   .    (helmet restricted)
rPois   .          Reflect  .    (no amulet)
rElec   .          Harm     .    (no ring)
rCorr   .          Rampage  .    (no ring)
Will    .....                    (no ring)
Stlth   +++++                    (no ring)
HPRegen 0.25/turn                (no ring)
MPRegen 0.09/turn                (no ring)
                                 (no ring)
                                 (no ring)

@: constricted
A: almost no armour, amphibious, 8 rings, camouflage 1, gelatinous body 1,
nimble swimmer 1, tentacles
a: no special abilities


You were in a sewer.
You visited 1 branch of the dungeon, and saw 1 of its levels.
You also visited: Sewer.

Inventory:

Hand Weapons
 a - a +0 short sword
 c - a +0 vampiric battleaxe (weapon)
   (You found it on level 5 of the Dungeon)
Wands
 d - a wand of digging (3)
Scrolls
 b - a scroll of fog
 E - a scroll of fear


   Skills:
 - Level 3.0 Fighting
 + Level 4.6 Short Blades
 - Level 2.0 Dodging
 - Level 6.6 Stealth


You had 3 spell levels left.
You didn't know any spells.
Your spell library was empty.

Dungeon Overview and Level Annotations

Branches:
Dungeon (5/15) Zot: 5902    Sewer (1/1) Zot: 5779
 Temple: D:4-7

Altars:


Innate Abilities, Weirdness & Mutations

You cannot wear most types of armour.
You are amphibious.
You can wear up to eight rings at the same time.
Your skin changes colour to match your surroundings (Stealth+).
Your rubbery body absorbs attacks. (AC +1, EV +1)
You are camouflaged when in or above water. (Stealth+)
You have tentacles for arms and can constrict up to eight enemies at once.


Message History

The frilled lizard hisses angrily.
The ball python hisses angrily.
The ball python misses you. The ball python closely misses you.
The ball python bites you. The ball python barely misses you.
You take 1 damage, and have 27/31 hp.
You hit the frilled lizard.
You kill the frilled lizard!
The giant cockroach waves its antennae.
The ball python bites you. The ball python barely misses you.
You take 2 damage, and have 25/31 hp.
You hit the giant cockroach. Your grab misses the giant cockroach.
The ball python bites you but does no damage.
The ball python grabs you. The ball python constricts you.
You take 1 damage, and have 24/31 hp.
You closely miss the ball python. Your grab misses the ball python.
The giant cockroach bites you but does no damage.
You hit the ball python. You grab the ball python.
You constrict the ball python. The ball python barely misses you.
The ball python constricts you.
The giant cockroach splashes around in the water.
You hit the ball python.
You kill the ball python!
The giant cockroach misses you.
You hit the giant cockroach. You grab the giant cockroach.
You constrict the giant cockroach.
The giant cockroach completely misses you.
You completely miss the giant cockroach.
You constrict the giant cockroach, but do no damage.
The giant cockroach barely misses you.
You hit the giant cockroach.
You kill the giant cockroach!
No target in view!
You enter the shallow water. 2 quokkas come into view.
Health restored: 31 2 endoplasms, a bullfrog and a frilled lizard come into view.
A ball python comes into view.
The frilled lizard hisses angrily.
The endoplasm quivers.
You closely miss the quokka.
The bullfrog gives a loud, deep croak!
You grab the quokka. You squeeze the quokka.
You constrict the quokka, but do no damage.
The ball python hisses angrily.
The quokka barely misses you.
You hit the quokka.
You kill the quokka!
The ball python bites you. The ball python grabs you.
The ball python constricts you.
You take 4 damage, and have 27/31 hp.
It was a potion of degeneration.
There was something very wrong with that liquid.
You feel weakened.
You feel dopey.
You feel clumsy. The ball python bites you. The ball python constricts you.
You take 2 damage, and have 25/31 hp.
You escape the ball python's grasp.
You closely miss the quokka. You grab the quokka. You squeeze the quokka.
You kill the quokka!
The ball python bites you. The ball python grabs you.
The ball python constricts you.
You take 3 damage, and have 22/31 hp.
You escape the ball python's grasp.
The bullfrog attacks as you move away! The bullfrog closely misses you.
The ball python attacks as you move away!
The ball python bites you. The ball python closely misses you.
The bullfrog hits you.
You take 4 damage, and have 18/31 hp.
You barely miss the bullfrog. You grab the bullfrog.
You constrict the bullfrog. The bullfrog hits you. The bullfrog hits you!
* * * LOW HITPOINT WARNING * * *
You take 13 damage, and have 5/31 hp.
MASSIVE DAMAGE!!
You aren't carrying any potions.
Unknown command.
You feel a sense of dread.
c - a +0 vampiric battleaxe (weapon)
You constrict the bullfrog, but do no damage.
The ball python barely misses you. x2
You slash the bullfrog! You squeeze the bullfrog.
You barely miss the ball python. You constrict the bullfrog.
The bullfrog misses you.
The bullfrog hits you but does no damage.
The ball python bites you.
* * * LOW HITPOINT WARNING * * *
The ball python grabs you. The ball python constricts you.
The bullfrog closely misses you. The ball python bites you.
* * * LOW HITPOINT WARNING * * *
The ball python constricts you.
* * * LOW HITPOINT WARNING * * *
You take 5 damage, and have 1/31 hp.
Unknown command.
You hit the bullfrog but do no damage. You closely miss the ball python.
You constrict the bullfrog. The bullfrog barely misses you.
The ball python bites you.
You die...

##~~~~.#####~~.~~#
#.~~~###~~~###..~#
#†~~##~.~~†~~##~~##
##.~##..~~~~.~~##~~##
#~.~#.~.~~.~~†~....~#
#~~##~~~#######~~†..#
##~~#~~~##≈~.~~###~#######
#~~~#~~##≈~~~~~S.###~~~~~#
#.~##.~#≈~~..~lF@~.#~.~~~#
#~.#~~##≈~.}~.J##..#~~.~~#
#..#~~#≈~.|!$†~~#.~#~.#~~#
#~~#~~#≈~.(?~l.~#~~#~~#~~#
#~~#~~#≈~~:..~~.#~~##~#.~#
#.~#~.#≈≈~.~~~~≈#~†~#~#~~#
#~~#~.#≈≈~~~~~~≈#~~∩#~#~~#
#~~#..##≈≈~~~~≈##†~.#~#.~#
#..##~.#≈≈~..≈.#~~###~#.~#


You could see a bullfrog, an endoplasm, a ball python and a frilled lizard.

Vanquished Creatures
  An iguana (D:5)
  2 adders (Sewer)
  4 ball pythons (Sewer)
  4 endoplasms (Sewer)
  13 giant cockroaches
  10 quokkas
  6 frilled lizards (Sewer)
40 creatures vanquished.

Notes
Turn   | Place    | Note
-------+----------+-------------------------------------------
     0 | D:5      | sokol815 the Octopode Delver began the quest for the Orb.
     0 | D:5      | Reached XP level 1. HP: 16/16 MP: 1/1
    19 | D:5      | Noticed an iguana
    30 | D:5      | Killed an iguana
    31 | D:5      | Reached skill level 3 in Short Blades
    31 | D:5      | Reached XP level 2. HP: 16/21 MP: 2/2
    31 | D:5      | Reached XP level 3. HP: 20/26 MP: 3/3
    70 | D:5      | Found a glowing drain.
   116 | Sewer    | Entered a sewer
   183 | Sewer    | Reached skill level 4 in Short Blades
   207 | Sewer    | Reached XP level 4. HP: 31/31 MP: 4/4
   337 | Sewer    | Noticed a bullfrog
   345 | Sewer    | HP: 5/31 [bullfrog (8)]
   347 | Sewer    | HP: 2/31 [ball python (2)]
   348 | Sewer    | Slain by a ball python

Illustrated notes

Levels and vault maps discovered:
D:5:      layout_gridville, gup_sewer_entry_pipe
Sewer:    sewer_frog_island_02

Skill      XL: |  1  2  3 |
---------------+----------+-----
Short Blades   | 3 4 |  4.6
Fighting       | |  3.0
Dodging        | |  2.0
Stealth        | |  6.6

Action                   |  1- 3 |  4- 6 || total
-------------------------+-------+-------++-------
Melee: Short sword       |    44 |    43 ||    87
       Tentacles         |     9 |     6 ||    15
       Constrict         |    11 |    11 ||    22
       Punch             |     2 |       ||     2
       Battleaxe         |       |     2 ||     2
  Use: Potion            |     1 |     1 ||     2
       Scroll            |     1 |       ||     1
 Stab: Sleeping          |     7 |     6 ||    13
Armor: Skin              |     1 |     3 ||     4
Dodge: Dodged            |    19 |    26 ||    45

Table legend: (Time is in decaauts)
 A = Elapsed time spent in this place.
 B = Non-inter-level travel time spent in this place.
 C = Inter-level travel time spent in this place.
 D = Time resting spent in this place.
 E = Time spent auto-exploring this place.
 F = Levels seen in this place.
 G = Mean time per level.
                   A        B        C        D        E       F      G
               +--------+--------+--------+--------+--------+-----+--------+
         Total |    316 |    316 |      0 |     21 |     74 |   2 |  158.0 |
       Dungeon |     97 |     97 |      0 |     21 |      0 |   1 |   97.0 |
         Sewer |    218 |    218 |      0 |      0 |     74 |   1 |  218.0 |
               +--------+--------+--------+--------+--------+-----+--------+

Top non-repeatable levels by time:
   Sewer: 218 daAuts
     D:5: 97 daAuts

Table legend:
 A = Kills in this place as a percentage of kills in entire the game.
 B = Kills by you in this place as a percentage of kills by you in the entire game.
 C = Kills by friends in this place as a percentage of kills by friends in the entire game.
 D = Other kills in this place as a percentage of other kills in the entire game.
 E = Experience gained in this place as a percentage of experience gained in the entire game.
 F = Experience gained in this place divided by the number of levels of this place that you have seen.
                   A       B       C       D       E      F
               +-------+-------+-------+-------+-------+----------------------
         Total | 100.0 | 100.0 |   N/A |   N/A | 100.0 |  64.5
       Dungeon |  20.0 |  20.0 |   N/A |   N/A |  38.0 |  49.0
         Sewer |  80.0 |  80.0 |   N/A |   N/A |  62.0 |  80.0
               +-------+-------+-------+-------+-------+----------------------
